%YAML 1.1
%TAG !u! tag:unity3d.com,2011:
--- !u!114 &-6680990258831885354
MonoBehaviour:
  m_ObjectHideFlags: 0
  m_CorrespondingSourceObject: {fileID: 0}
  m_PrefabInstance: {fileID: 0}
  m_PrefabAsset: {fileID: 0}
  m_GameObject: {fileID: 0}
  m_Enabled: 1
  m_EditorHideFlags: 0
  m_Script: {fileID: 11500000, guid: db7b180e58fcaec40b043e431cc3d64d, type: 3}
  m_Name: Entry
  m_EditorClassIdentifier: 
  graph: {fileID: 11400000}
  position: {x: -499, y: 64}
  ports:
    keys:
    - input
    - output
    values:
    - _fieldName: input
      _node: {fileID: -6680990258831885354}
      _typeQualifiedName: GraphNode, Assembly-CSharp, Version=0.0.0.0, Culture=neutral,
        PublicKeyToken=null
      connections: []
      _direction: 0
      _connectionType: 0
      _typeConstraint: 0
      _dynamic: 0
    - _fieldName: output
      _node: {fileID: -6680990258831885354}
      _typeQualifiedName: GraphNode, Assembly-CSharp, Version=0.0.0.0, Culture=neutral,
        PublicKeyToken=null
      connections:
      - fieldName: input
        node: {fileID: 1849990717364058488}
        reroutePoints: []
      _direction: 1
      _connectionType: 0
      _typeConstraint: 0
      _dynamic: 0
  input: {fileID: 0}
  output: {fileID: -6680990258831885354}
  key: 
  visit: 0
--- !u!114 &11400000
MonoBehaviour:
  m_ObjectHideFlags: 0
  m_CorrespondingSourceObject: {fileID: 0}
  m_PrefabInstance: {fileID: 0}
  m_PrefabAsset: {fileID: 0}
  m_GameObject: {fileID: 0}
  m_Enabled: 1
  m_EditorHideFlags: 0
  m_Script: {fileID: 11500000, guid: 575ee7957a1de9f4db8bad12fc1298e3, type: 3}
  m_Name: FirstResponder-Q-3
  m_EditorClassIdentifier: 
  nodes:
  - {fileID: -6680990258831885354}
  - {fileID: 1849990717364058488}
  - {fileID: 6724077302776108007}
  - {fileID: 477112685274098667}
  timesVisited: 0
  inProgress: 0
--- !u!114 &477112685274098667
MonoBehaviour:
  m_ObjectHideFlags: 0
  m_CorrespondingSourceObject: {fileID: 0}
  m_PrefabInstance: {fileID: 0}
  m_PrefabAsset: {fileID: 0}
  m_GameObject: {fileID: 0}
  m_Enabled: 1
  m_EditorHideFlags: 0
  m_Script: {fileID: 11500000, guid: 204db00e3627e24409d366ace3364f73, type: 3}
  m_Name: Exit
  m_EditorClassIdentifier: 
  graph: {fileID: 11400000}
  position: {x: 334.1293, y: 107.550446}
  ports:
    keys:
    - input
    - output
    values:
    - _fieldName: input
      _node: {fileID: 477112685274098667}
      _typeQualifiedName: GraphNode, Assembly-CSharp, Version=0.0.0.0, Culture=neutral,
        PublicKeyToken=null
      connections:
      - fieldName: output
        node: {fileID: 6724077302776108007}
        reroutePoints: []
      _direction: 0
      _connectionType: 0
      _typeConstraint: 0
      _dynamic: 0
    - _fieldName: output
      _node: {fileID: 477112685274098667}
      _typeQualifiedName: GraphNode, Assembly-CSharp, Version=0.0.0.0, Culture=neutral,
        PublicKeyToken=null
      connections: []
      _direction: 1
      _connectionType: 0
      _typeConstraint: 0
      _dynamic: 0
  input: {fileID: 0}
  output: {fileID: 477112685274098667}
  key: 
--- !u!114 &1849990717364058488
MonoBehaviour:
  m_ObjectHideFlags: 0
  m_CorrespondingSourceObject: {fileID: 0}
  m_PrefabInstance: {fileID: 0}
  m_PrefabAsset: {fileID: 0}
  m_GameObject: {fileID: 0}
  m_Enabled: 1
  m_EditorHideFlags: 0
  m_Script: {fileID: 11500000, guid: 5f5997cd81d23174c96282aa731fbd17, type: 3}
  m_Name: Response
  m_EditorClassIdentifier: 
  graph: {fileID: 11400000}
  position: {x: -264, y: 56}
  ports:
    keys:
    - input
    - output
    values:
    - _fieldName: input
      _node: {fileID: 1849990717364058488}
      _typeQualifiedName: GraphNode, Assembly-CSharp, Version=0.0.0.0, Culture=neutral,
        PublicKeyToken=null
      connections:
      - fieldName: output
        node: {fileID: -6680990258831885354}
        reroutePoints: []
      _direction: 0
      _connectionType: 0
      _typeConstraint: 0
      _dynamic: 0
    - _fieldName: output
      _node: {fileID: 1849990717364058488}
      _typeQualifiedName: GraphNode, Assembly-CSharp, Version=0.0.0.0, Culture=neutral,
        PublicKeyToken=null
      connections:
      - fieldName: input
        node: {fileID: 6724077302776108007}
        reroutePoints: []
      _direction: 1
      _connectionType: 0
      _typeConstraint: 0
      _dynamic: 0
  input: {fileID: 0}
  output: {fileID: 1849990717364058488}
  key: 
  response: Ho do ya do?
--- !u!114 &6724077302776108007
MonoBehaviour:
  m_ObjectHideFlags: 0
  m_CorrespondingSourceObject: {fileID: 0}
  m_PrefabInstance: {fileID: 0}
  m_PrefabAsset: {fileID: 0}
  m_GameObject: {fileID: 0}
  m_Enabled: 1
  m_EditorHideFlags: 0
  m_Script: {fileID: 11500000, guid: f81dd184fbdef204da07b4c87cb98ece, type: 3}
  m_Name: Dialogue
  m_EditorClassIdentifier: 
  graph: {fileID: 11400000}
  position: {x: 40, y: 40}
  ports:
    keys:
    - input
    - output
    values:
    - _fieldName: input
      _node: {fileID: 6724077302776108007}
      _typeQualifiedName: GraphNode, Assembly-CSharp, Version=0.0.0.0, Culture=neutral,
        PublicKeyToken=null
      connections:
      - fieldName: output
        node: {fileID: 1849990717364058488}
        reroutePoints: []
      _direction: 0
      _connectionType: 0
      _typeConstraint: 0
      _dynamic: 0
    - _fieldName: output
      _node: {fileID: 6724077302776108007}
      _typeQualifiedName: GraphNode, Assembly-CSharp, Version=0.0.0.0, Culture=neutral,
        PublicKeyToken=null
      connections:
      - fieldName: input
        node: {fileID: 477112685274098667}
        reroutePoints: []
      _direction: 1
      _connectionType: 0
      _typeConstraint: 0
      _dynamic: 0
  input: {fileID: 0}
  output: {fileID: 6724077302776108007}
  key: 
  dialogue: Fuck off why dont ya
  voiceover: {fileID: 0}
  expression: {fileID: 11400000, guid: 979d16cd50769a24495d1e383138e035, type: 2}
